 Seeded DCSS version 0.30.1-4-g462c640d31 (webtiles) character file.

Game seed: 6351066067085065685 (custom seed)

8401 Esekla the Thaumaturge (level 11, 0/56 (58) HPs)
             Began as a Deep Elf Wanderer on Sept 7, 2023.
             Was an Elder of Vehumet.
             Slain by Harold
             ... wielding a +0 battleaxe
              (15 damage)
             ... on level 9 of the Dungeon on Sept 8, 2023.
             The game lasted 01:30:54 (10888 turns).

Esekla the Thaumaturge (Deep Elf Wanderer)         Turns: 10888, Time: 01:30:54

HP:   0/56 (58)     AC:  9    Str: 11    XL:     11   Next: 9%
MP:   34/39         EV: 13    Int: 23    God:    Vehumet [****..]
Gold: 625           SH:  4    Dex: 11    Spells: 16/37 levels left

rFire   . . .        c - +5 scimitar
rCold   . . .        d - +0 buckler
rNeg    . . .        D - +0 steam dragon scales
rPois   .            L - +1 helmet
rElec   .            F - +0 cloak
rCorr   .            m - +0 pair of gloves
SInv    .            (no boots)
Will    +....        w - amulet of magic regeneration
Stlth   ++           k - ring of magical power
HPRegen 0.29/turn    (no ring)
MPRegen 0.66/turn

%: no passive effects
@: brilliant, marked, studying Fighting, lightly drained, unable to drink
A: inability to drink after injury 1
a: Renounce Religion


You were on level 9 of the Dungeon.
You worshipped Vehumet.
Vehumet was greatly pleased with you.
You visited 1 branch of the dungeon, and saw 9 of its levels.
You also visited: Bailey.

You collected 625 gold pieces.

Inventory:

Hand Weapons
 a - a +2 vampiric dagger
 c - a +5 scimitar (weapon)
 r - a +4 trident of venom
 s - the +5 rapier of the Hero {heavy, rN+ Dex+3}
   (You found it on level 3 of the Dungeon)

   Dex:       It affects your dexterity (+3).
   rN:        It protects you from negative energy.
 v - a +2 rapier of venom
Missiles
 t - 2 boomerangs (quivered)
 y - 30 poisoned darts
 K - 3 curare-tipped darts
Armour
 d - a +0 buckler (worn)
 m - a +0 pair of gloves (worn)
 D - +0 steam dragon scales (worn)
 F - a +0 cloak (worn)
 L - a +1 helmet (worn)
Jewellery
 k - a ring of magical power (left hand)
 w - an amulet of magic regeneration (around neck)
Wands
 h - a wand of roots (5)
 q - a wand of flame (8)
 G - a wand of mindburst (5)
Scrolls
 f - 4 scrolls of fear {unknown}
 g - a scroll of torment {unknown}
 o - 2 scrolls of amnesia {unknown}
 p - 3 scrolls of enchant weapon {unknown}
 u - 5 scrolls of blinking {unknown}
 A - a scroll of enchant armour
 B - a scroll of silence
 C - a scroll of magic mapping
 E - 2 scrolls of fog {unknown}
 H - 2 scrolls of poison
 I - 2 scrolls of teleportation
 J - 3 scrolls of noise {unknown}
 M - a scroll of vulnerability {unknown}
 N - 2 scrolls of acquirement
 O - a scroll of identify
Potions
 b - 3 potions of lignification
 e - 2 potions of ambrosia
 i - 6 potions of curing
 j - 3 potions of haste
 l - a potion of mutation
 n - 6 potions of attraction {unknown}
 x - 2 potions of brilliance
 z - a potion of heal wounds
 P - a potion of cancellation {unknown}


   Skills:
 * Level 2.4 Fighting
 + Level 2.8(3.1) Short Blades
 + Level 1.5(2.3) Long Blades
 + Level 2.3 Throwing
 * Level 6.3 Dodging
 + Level 2.4 Stealth
 - Level 3.0 Shields
 * Level 13.9 Spellcasting
 * Level 2.6 Conjurations
 + Level 3.6 Hexes
 * Level 10.0 Necromancy
 + Level 3.2 Translocations
 + Level 3.0 Transmutations
 * Level 3.1 Fire Magic
 * Level 2.7 Poison Magic
 + Level 1.0 Invocations
 + Level 1.3 Evocations


You had 16 spell levels left.
You knew the following spells:

 Your Spells              Type           Power      Damage    Failure   Level
a - Magic Dart            Conj           100%       1d8       1%          1
b - Blink                 Tloc           92%        N/A       1%          2
d - Vampiric Draining     Necr           76%        2d11      1%          3
f - Dazzling Flash        Conj/Hex       90%        N/A       1%          3
i - Irradiate             Conj/Tmut      21%        3d18      12%         5
n - Ignite Poison         Fire/Tmut/Pois 44%        N/A       1%          3
p - Apportation           Tloc           92%        N/A       1%          1
t - Teleport Other        Tloc           46%        N/A       4%          3

Your spell library contained the following spells:

 Spells                   Type           Power      Damage    Failure   Level
 Lesser Beckoning         Tloc           92%        N/A       1%          2
 Gell's Gravitas          Tloc           46%        N/A       4%          3
 Spider Form              Tmut/Pois      44%        N/A       4%          3
 Cause Fear               Hex            24%        N/A       12%         4
 Summon Mana Viper        Hex/Summ       36%        N/A       56%         5


Dungeon Overview and Level Annotations

Branches:
Dungeon (9/15)             Temple (0/1) D:6          Bailey (visited)
   Lair: D:8-11         Orc: D:9-12

Altars:
Dithmenos
Fedhas
Hepliaklqana
Nemelex Xobeh
Okawaru
Qazlal
Trog
Uskayaw
Vehumet
Zin
The Shining One

Shops:
D:2 =   D:4 (

Annotations:
D:9 Harold


Innate Abilities, Weirdness & Mutations

You occasionally lose the ability to drink potions when taking damage.


Message History

The grasping roots grab you! The grasping roots constrict you!
Casting: Apportation (safe; 1% risk of failure)
Confirm with . or Enter, or press ? or * to list all spells.
The roots grasp on you weakens, but your attempt to escape fails.
The grasping roots constrict you.
Casting: Blink (safe; 1% risk of failure)
Confirm with . or Enter, or press ? or * to list all spells.
Casting: Dazzling Flash (safe; 1% risk of failure)
Press: ? - help, Dir - look around, f - activate Harold gestures at you while chanting.
A sentinel's mark forms upon you. The grasping roots constrict you.
The grasping roots release their grip on you.
Harold zaps a wand.
The roots erupt in riotous growth!
The grasping roots grab you! The grasping roots constrict you!
It was a potion of brilliance.
You feel clever all of a sudden.
You feel stable enough to blink again. The grasping roots constrict you!
You feel threatened and lose the ability to drink potions!
Casting: Dazzling Flash (safe; 1% risk of failure)
Confirm with . or Enter, or press ? or * to list all spells.
Casting: Dazzling Flash (safe; 1% risk of failure)
Press: ? - help, Dir - look around, f - activate You feel a surge of power!
Harold is dazzled.
Harold throws a throwing net.
You block the throwing net. The grasping roots constrict you!
* * * LOW HITPOINT WARNING * * *
The grasping roots release their grip on you.
You cannot drink potions in your current state!
Harold hits you with a +0 battleaxe!
* * * LOW HITPOINT WARNING * * *
Casting: Dazzling Flash (safe; 1% risk of failure)
Confirm with . or Enter, or press ? or * to list all spells.
Aiming: Vampiric Draining (safe; 1% risk of failure)
Press: ? - help, Shift-Dir - straight line, f - Harold
Aim: Harold, wielding a +0 battleaxe, wearing a +0 chain mail, quivering a throwing net and carrying a wand of roots (5) (blind)
You feel a surge of power!
You draw life force from Harold!!
You feel life coursing into your body! Harold hits you with a +0 battleaxe!
You die...

####..... ...#.....
......# ...# ....
#.....# ...# ...
#.....# #### ...
#.....# ..# ....
#.....# ♣.#
....######.....# ..#
.........@.....# ♣ #
.........@....# .
########.....(.....#
###......#..........?#
.........#...........#
.........#....########
........##....#
........#.....#
........#.....######
........#..........#


You could see Harold (blind).

Vanquished Creatures
  2 two-headed ogres
  Pikel (D:6)
  2 orc knights (Bailey)
  2 cyclopes (D:9)
  Joseph (D:7)
  2 steam dragons
  2 wyverns
  Menkaure (D:7)
  An ice beast (D:6)
  A sky beast (D:6)
  8 orc warriors
  2 black bears
  2 ogres
  A centaur (D:7)
  A phantom (D:7)
  Blork the orc (D:6)
  3 kobold brigands
  3 gnoll sergeants
  2 bullfrogs
  2 scorpions (D:5)
  10 wights
  5 killer bees (D:9)
  2 quasits (D:8)
  2 gnoll boudas
  6 hounds
  A jelly (D:6)
  Crazy Yiuf (D:7)
  4 orc priests
  A sleepcap (D:5)
  5 iguanas
  7 orc wizards
  25 gnolls
  9 adders
  3 shadow imps
  6 white imps
  3 ufetubi
  A worm (D:4)
  3 dart slugs
  50 orcs
  4 endoplasms
  9 goblins
  7 hobgoblins
  A quokka (D:1)
  6 ball pythons
  4 bats
  4 frilled lizards
  14 kobolds
  A rat (D:2)
234 creatures vanquished.

Notes
Turn   | Place    | Note
-------+----------+-------------------------------------------
     0 | D:1      | Esekla the Deep Elf Wanderer began the quest for the Orb.
     0 | D:1      | Esekla set off with the following items: a +0 club, a
                  | potion of lignification, a +0 robe, a +0 buckler; and the
                  | following spells available to memorise: Apportation, Blink,
                  | Lesser Beckoning, Magic Dart, Ignite Poison, Vampiric
                  | Draining.
     0 | D:1      | Reached XP level 1. HP: 10/10 MP: 7/7
     2 | D:1      | Learned a level 1 spell: Magic Dart
     4 | D:1      | Learned a level 1 spell: Apportation
   178 | D:2      | Found Renulab's Jewellery Shop.
   499 | D:4      | Found a radiant altar of Vehumet.
   510 | D:4      | Found an iron altar of Okawaru.
   519 | D:4      | Found a glowing silver altar of Zin.
   590 | D:4      | Became a worshipper of Vehumet
   751 | D:3      | Reached XP level 2. HP: 15/15 MP: 7/9
   876 | D:4      | Found Ponaysk's Antique Weapon Boutique.
   926 | D:5      | Entered Level 5 of the Dungeon
  1172 | D:3      | Learned a level 2 spell: Blink
  1338 | D:2      | Reached skill level 1 in Dodging
  1435 | D:3      | Found a hazy altar of Hepliaklqana.
  1450 | D:3      | Reached XP level 3. HP: 16/19 MP: 9/11
  1454 | D:3      | Learned a level 3 spell: Vampiric Draining
  1477 | D:3      | Found a stormy altar of Qazlal.
  1479 | D:3      | Found a bloodstained altar of Trog.
  1498 | D:3      | Reached skill level 1 in Short Blades
  1543 | D:3      | Reached skill level 5 in Spellcasting
  1543 | D:3      | Reached skill level 1 in Conjurations
  1543 | D:3      | Reached skill level 1 in Necromancy
  1543 | D:3      | Reached XP level 4. HP: 18/24 MP: 1/13
  1844 | D:3      | Identified the +5 rapier of the Hero {heavy, rN+ Dex+3}
  2202 | D:1      | Reached * piety under Vehumet
  2202 | D:1      | Offered knowledge of Foxfire by Vehumet.
  2262 | D:1      | Learned a level 3 spell: Teleport Other
  2575 | D:2      | Found a faded altar of an unknown god.
  2607 | D:2      | Reached XP level 5. HP: 25/28 MP: 12/15
  2622 | D:2      | Noticed a black bear
  2894 | D:3      | Reached skill level 6 in Spellcasting
  3277 | D:5      | Found a shadowy altar of Dithmenos.
  3345 | D:5      | Got the Parchment of the Lumpy Olives
  3419 | D:5      | Reached XP level 6. HP: 19/32 MP: 6/17
  3647 | D:6      | Noticed an ice beast
  3825 | D:4      | Found a glowing golden altar of the Shining One.
  4065 | D:4      | Reached skill level 7 in Spellcasting
  4757 | D:5      | Offered knowledge of Kiss of Death by Vehumet.
  4758 | D:5      | Reached XP level 7. HP: 33/36 MP: 17/20
  4804 | D:5      | Reached ** piety under Vehumet
  4810 | D:5      | Reached skill level 8 in Spellcasting
  4931 | D:6      | Noticed Blork the orc
  4948 | D:6      | Killed Blork the orc
  4949 | D:6      | Reached skill level 1 in Throwing
  5184 | D:6      | Noticed Pikel
  5286 | D:7      | Found a runed translucent door.
  5288 | D:7      | Noticed Crazy Yiuf
  5297 | D:7      | Killed Crazy Yiuf
  5326 | D:7      | Noticed a wyvern
  5346 | D:7      | Killed a wyvern
  5347 | D:7      | Reached skill level 9 in Spellcasting
  5408 | D:7      | Noticed Menkaure
  5414 | D:7      | Killed Menkaure
  5415 | D:7      | Reached skill level 5 in Necromancy
  5415 | D:7      | Reached XP level 8. HP: 26/41 MP: 23/23
  5885 | D:5      | Reached skill level 10 in Spellcasting
  6171 | D:6      | Found a staircase to the Ecumenical Temple.
  6350 | D:6      | Killed Pikel
  6351 | D:6      | Reached XP level 9. HP: 40/45 MP: 14/25
  6493 | D:6      | Reached skill level 11 in Spellcasting
  6498 | D:6      | Offered knowledge of Inner Flame by Vehumet.
  6509 | D:6      | Found a blossoming altar of Fedhas.
  7158 | D:7      | Noticed Joseph
  7313 | D:7      | Learned a level 3 spell: Ignite Poison
  7331 | D:7      | Reached *** piety under Vehumet
  7332 | D:7      | Reached skill level 1 in Evocations
  7498 | D:7      | Reached skill level 5 in Dodging
  7559 | D:7      | Reached skill level 12 in Spellcasting
  7799 | D:8      | Noticed a two-headed ogre
  8084 | D:8      | Offered knowledge of Dazzling Flash by Vehumet.
  8104 | D:8      | Learned a level 3 spell: Dazzling Flash
  8360 | D:8      | Found a transporter.
  8360 | D:8      | Found a transporter.
  8399 | D:8      | Found a transporter.
  8405 | D:8      | Found a transporter.
  8525 | D:8      | Found a hide-covered altar of Uskayaw.
  8816 | D:8      | Killed a two-headed ogre
  8817 | D:8      | Reached skill level 1 in Long Blades
  8817 | D:8      | Reached skill level 1 in Hexes
  8817 | D:8      | Reached skill level 1 in Transmutations
  8817 | D:8      | Reached XP level 10. HP: 50/50 MP: 28/28
  9051 | D:7      | Killed Joseph
  9052 | D:7      | Reached skill level 1 in Fire Magic
  9052 | D:7      | Reached skill level 1 in Poison Magic
  9185 | D:9      | Noticed a two-headed ogre
  9254 | D:9      | Found a flagged portal.
  9295 | Bailey   | Entered a bailey
  9358 | Bailey   | Reached skill level 13 in Spellcasting
  9465 | Bailey   | Identified the +2 bardiche of Puhoisos {heavy, rElec
                  | Stlth+}
  9553 | Bailey   | Reached **** piety under Vehumet
  9635 | Bailey   | Noticed an orc knight
  9635 | Bailey   | Noticed an orc knight
  9662 | Bailey   | Killed an orc knight
  9694 | Bailey   | Killed an orc knight
  9856 | D:9      | Killed a two-headed ogre
 10000 | D:9      | Offered knowledge of Irradiate by Vehumet.
 10019 | D:9      | Learned a level 5 spell: Irradiate
 10364 | D:9      | Found a sparkling altar of Nemelex Xobeh.
 10453 | D:9      | Noticed a cyclops
 10470 | D:9      | Killed a cyclops
 10503 | D:9      | Reached XP level 11. HP: 31/57 MP: 30/30
 10509 | D:9      | Reached skill level 10 in Necromancy
 10511 | D:9      | Gained mutation: You occasionally lose the ability to drink
                  | potions when taking damage. [mutagenic glow]
 10880 | D:9      | Noticed Harold
 10888 | D:9      | Slain by Harold

Illustrated notes

Levels and vault maps discovered:
D:1:      sevenhm_arrival_forest_fort_small_3, layout_rooms,
          chequers_serial_rivers_room_b, minmay_misc_feat_five
D:2:      layout_loops_ring, dreamdust_ecumenical_altar_angels_and_demons,
          serial_shops, shop
D:3:      layout_basic, grunt_temple_overflow_open, minmay_misc_feat_iff
D:4:      layout_basic, nicolae_overflow_quartered_altars, serial_shops,
          nicolae_diamond_shop
D:5:      layout_loops_ring, lemuel_doored_altar, minmay_misc_feat_rows,
          dreamdust_wishing_well
D:6:      layout_loops_cross, fedhas_altar_fruit_tree,
          minmay_temple_entry_glass, uniq_pikel, uniq_blork_the_orc
D:7:      layout_basic, uniq_menkaure, uniq_joseph, uniq_crazy_yiuf_cottage
D:8:      layout_basic, nicolae_uskayaw_dance_hall, serial_demonic,
          serial_demonic_d, serial_demonic_a, serial_demonic_c,
          serial_demonic_c, nicolae_diode_quadrants
D:9:      layout_irregular_city, kennysheep_little_box, enter_bailey_4,
          minmay_between, uniq_harold

Skill      XL: |  1  2  3  4  5  6  7  8  9 10 11 |
---------------+----------------------------------+-----
Dodging        | 1 2 3 4 5 6 |  6.3
Short Blades   | 1 2 |  2.8
Spellcasting   | 5 6 7 9 10 12 13 | 13.9
Conjurations   | 1 2 |  2.6
Necromancy     | 1 2 3 5 7 8 9 10 | 10.0
Shields        | 2 3 |  3.0
Throwing       | 1 2 |  2.3
Stealth        | 2 |  2.4
Translocations | 3 |  3.2
Evocations     | 1 |  1.3
Long Blades    | 1 |  1.5
Hexes          | 1 3 |  3.6
Transmutations | 1 3 |  3.0
Fire Magic     | 2 3 |  3.1
Poison Magic   | 2 |  2.7
Fighting       | 2 |  2.4
Invocations    | |  1.0

Action                     |  1- 3 |  4- 6 |  7- 9 | 10-12 || total
---------------------------+-------+-------+-------+-------++-------
  Melee: Short sword       |    52 |   113 |       |       ||   165
         Club              |     1 |       |       |       ||     1
         Rapier            |       |     1 |    52 |     3 ||    56
         Dagger            |       |    38 |   121 |    28 ||   187
         Scimitar          |       |       |    73 |    58 ||   131
  Throw: Dart              |       |    11 |    30 |    20 ||    61
         Boomerang         |       |       |       |    12 ||    12
   Cast: Magic Dart        |    27 |    63 |    51 |    11 ||   152
         Apportation       |    11 |    11 |    12 |     7 ||    41
         Vampiric Draining |     2 |    44 |    92 |    67 ||   205
         Teleport Other    |       |       |     5 |       ||     5
         Blink             |       |       |     2 |     1 ||     3
         Ignite Poison     |       |       |     1 |     4 ||     5
         Dazzling Flash    |       |       |       |    17 ||    17
         Irradiate         |       |       |       |     5 ||     5
  Evoke: Wand              |     1 |       |    22 |     3 ||    26
    Use: Scroll            |       |       |    10 |       ||    10
         Potion            |       |       |     1 |     3 ||     4
   Stab: Sleeping          |       |     6 |     1 |     2 ||     9
 Armour: Robe              |    11 |    25 |    44 |       ||    80
         Steam dragon scal |       |       |    57 |    45 ||   102
  Dodge: Dodged            |    32 |    90 |   222 |   135 ||   479
  Block: Buckler           |     5 |    24 |    57 |    44 ||   130
